 Dungeon Crawl Stone Soup version 0.30-a0-883-g5ad918d77d (webtiles) character file.

Game seed: 3305028406491518597

333 porpoise the Sneak (level 6, -8/44 HPs)
             Began as a Gnoll Enchanter on Mar 16, 2023.
             Mangled by a mummy (16 damage)
             ... in an ossuary.
             The game lasted 00:13:05 (3438 turns).

porpoise the Sneak (Gnoll Enchanter)                Turns: 3438, Time: 00:13:06

Health: -8/44      AC:  2    Str:  7    XL:     6   Next: 52%
Magic:  11/14      EV: 13    Int: 16    God:
Gold:   189        SH:  0    Dex: 13    Spells: 7/15 levels left

rFire   . . .      SeeInvis .    a - +1 dagger
rCold   . . .      Faith    .    (no shield)
rNeg    . . .      Spirit   .    s - +0 robe
rPois   .          Reflect  .    (no helmet)
rElec   .          Rampage  .    (no cloak)
rCorr   .                        (no gloves)
Will    +....                    (no boots)
Stlth   +++                      (no amulet)
HPRegen 0.27/turn                e - ring of flight
MPRegen 0.14/turn                k - ring of willpower

@: marked, flying
A: fangs 1, strong nose, distributed training
a: no special abilities


You were in an ossuary.
You visited 1 branch of the dungeon, and saw 4 of its levels.
You also visited: Ossuary.

You collected 189 gold pieces.

Inventory:

Hand Weapons
 a - a +1 dagger (weapon)
 b - a +0 sling
Missiles
 q - 2 poisoned darts
Armour
 s - a +0 robe (worn)
Jewellery
 e - a ring of flight (left hand)
 k - a ring of willpower (right hand)
Scrolls
 g - a scroll of noise
 j - a scroll of vulnerability
 m - a scroll of fog
Potions
 c - 2 potions of invisibility
 h - 4 potions of flight
 l - a potion of ambrosia {unknown}
 n - 2 potions of brilliance {unknown}
 o - 4 potions of curing
 p - a potion of mutation {unknown}


   Skills:
 + Level 2.1 Fighting
 + Level 3.3 Short Blades
 + Level 2.1 Long Blades
 + Level 2.1 Axes
 + Level 2.1 Maces & Flails
 + Level 2.1 Polearms
 + Level 2.1 Staves
 + Level 2.1 Ranged Weapons
 + Level 2.1 Throwing
 + Level 2.1 Armour
 + Level 5.0 Dodging
 + Level 6.3 Stealth
 + Level 2.1 Shields
 + Level 2.1 Unarmed Combat
 + Level 5.4 Spellcasting
 + Level 1.6 Conjurations
 + Level 5.7 Hexes
 + Level 1.6 Summonings
 + Level 1.6 Necromancy
 + Level 1.6 Translocations
 + Level 1.6 Transmutations
 + Level 1.6 Fire Magic
 + Level 1.6 Ice Magic
 + Level 1.6 Air Magic
 + Level 1.6 Earth Magic
 + Level 1.6 Poison Magic
 + Level 2.3 Invocations
 + Level 2.1 Evocations


You had 7 spell levels left.
You knew the following spells:

 Your Spells              Type           Power      Damage    Failure   Level
a - Confusing Touch       Hex            22%        N/A       4%          3
e - Ensorcelled Hibernat  Hex/Ice        32%        N/A       4%          2
t - Tukima's Dance        Hex            22%        N/A       4%          3

Your spell library contained the following spells:

 Spells                   Type           Power      Damage    Failure   Level
 Dazzling Flash           Conj/Hex       32%        N/A       10%         3
 Spider Form              Tmut/Pois      9%         N/A       22%         3
 Anguish                  Hex/Necr       8%         N/A       32%         4


Dungeon Overview and Level Annotations

Branches:
Dungeon (4/15)            Ossuary (1/1)
 Temple: D:4-7

Altars:
Wu Jian


Innate Abilities, Weirdness & Mutations

You have very sharp teeth.
Your uncanny sense of smell can sniff out nearby items.
Your experience applies equally to all skills.


Message History

There is an entrance to an ossuary on this level.
Hurry and find it before the portal is buried!
You hear the slow hiss of an avalanche of sand very nearby.
There is a stone staircase leading up here.
You reach down and open the door.
Found 5 stones.
There is an open door here.
Found a stone staircase leading down.
Found a yellow potion and a book of Dreams.
Found a stone staircase leading up.
Found 12 gold pieces.
Found a sand-covered staircase.
Found a chain mail.
Found a hand axe.
You pick up a book of Dreams and begin reading...
You add the spells Spider Form and Anguish to your library.
There is a sand-covered staircase here.
The world spins around you as you enter the gateway.
You enter an ossuary!
Found a gate leading back out of this place.
There is an empty arch of ancient stone here.
The hobgoblin zombie sets off the alarm!
The alarm trap emits a blaring wail!
A sentinel's mark forms upon you.
Casting: Ensorcelled Hibernation (safe; 4% risk of failure)
Confirm with . or Enter, or press ? or * to list all spells.
Your hands begin to glow red.
The mummy hits you!!
The hobgoblin zombie sets off the alarm!
The alarm trap emits a blaring wail!
The mark upon you grows brighter.
You hit the mummy but do no damage.
The mummy appears confused.
A centaur zombie comes into view.
You hit the mummy.
The mummy is lightly damaged.
The mummy hits you!!
* * * LOW HITPOINT WARNING * * *
You hit the mummy but do no damage.
The mummy is lightly damaged.
A hobgoblin zombie comes into view.
The mummy hits the mummy.
The mummy hits you!
You die...

#
#.###########
.....Z....@M##
^....ZZ...MM.#
.....∩.∩.....#
...Z.........#
............##
#.###########
#


You could see 3 mummies, 3 hobgoblin zombies and a centaur zombie.

Vanquished Creatures
  Sigmund (D:3)
  Jessica (D:3)
  An orc wizard (D:3)
  4 adders
  A worm (D:3)
  6 dart slugs
  8 orcs (D:3)
  7 bats
  2 endoplasms
  4 hobgoblins
  6 jackals
  2 kobolds (D:1)
  2 quokkas
  5 ball pythons
  4 frilled lizards
  6 goblins
  3 rats
63 creatures vanquished.

Notes
Turn   | Place    | Note
-------+----------+-------------------------------------------
     0 | D:1      | porpoise the Gnoll Enchanter began the quest for the Orb.
     0 | D:1      | Reached XP level 1. HP: 13/13 MP: 6/6
   235 | D:1      | Reached XP level 2. HP: 19/19 MP: 7/7
   629 | D:1      | Learned a level 2 spell: Ensorcelled Hibernation
   755 | D:1      | Reached skill level 5 in Spellcasting
   755 | D:1      | Reached XP level 3. HP: 24/25 MP: 3/9
   810 | D:1      | Learned a level 3 spell: Confusing Touch
   814 | D:1      | Learned a level 3 spell: Tukima's Dance
  1077 | D:2      | Reached skill level 6 in Stealth
  1102 | D:2      | Reached skill level 1 in Invocations
  1274 | D:2      | Reached skill level 1 in Fighting
  1274 | D:2      | Reached skill level 1 in Long Blades
  1274 | D:2      | Reached skill level 1 in Axes
  1274 | D:2      | Reached skill level 1 in Maces & Flails
  1274 | D:2      | Reached skill level 1 in Polearms
  1274 | D:2      | Reached skill level 1 in Staves
  1274 | D:2      | Reached skill level 1 in Ranged Weapons
  1274 | D:2      | Reached skill level 1 in Throwing
  1274 | D:2      | Reached skill level 1 in Armour
  1274 | D:2      | Reached skill level 1 in Shields
  1274 | D:2      | Reached skill level 1 in Unarmed Combat
  1274 | D:2      | Reached skill level 1 in Evocations
  1568 | D:2      | Reached XP level 4. HP: 21/32 MP: 11/11
  2236 | D:3      | Reached skill level 1 in Conjurations
  2236 | D:3      | Reached skill level 1 in Summonings
  2236 | D:3      | Reached skill level 1 in Necromancy
  2236 | D:3      | Reached skill level 1 in Translocations
  2236 | D:3      | Reached skill level 1 in Transmutations
  2236 | D:3      | Reached skill level 1 in Fire Magic
  2236 | D:3      | Reached skill level 1 in Ice Magic
  2236 | D:3      | Reached skill level 1 in Air Magic
  2236 | D:3      | Reached skill level 1 in Earth Magic
  2236 | D:3      | Reached skill level 1 in Poison Magic
  2500 | D:3      | Found a faded altar of an unknown god.
  2517 | D:3      | Reached XP level 5. HP: 37/37 MP: 9/12
  2706 | D:3      | Noticed Sigmund
  2714 | D:3      | Killed Sigmund
  2715 | D:3      | Reached skill level 5 in Dodging
  2715 | D:3      | Reached XP level 6. HP: 39/44 MP: 9/14
  2799 | D:3      | Noticed Jessica
  2805 | D:3      | Killed Jessica
  3023 | D:3      | Found an ornate altar of the Wu Jian Council.
  3417 | D:4      | Found a sand-covered staircase.
  3431 | Ossuary  | Entered an ossuary
  3438 | Ossuary  | Mangled by a mummy

Illustrated notes

Levels and vault maps discovered:
D:1:      minmay_arrival_widening_spiral_wide, layout_basic,
          kennysheep_crisscross
D:2:      minmay_wonky_spiral, layout_loops_ring
D:3:      layout_basic, nzn_wu_jian_contemplation,
          ebering_ecumenical_altar_webs, kennysheep_jessica_study, uniq_sigmund
D:4:      layout_gridville, mainiacjoe_overflow_alcove_2, serial_shops, shop,
          lightli_ossuary_entry_decrepit_ruins
Ossuary:  ossuary_the_hunt_dpeg

Skill      XL: |  1  2  3  4  5 |
---------------+----------------+-----
Spellcasting   | 5 |  5.4
Stealth        | 6 |  6.3
Invocations    | 1 2 |  2.3
Fighting       | 1 2 |  2.1
Long Blades    | 1 2 |  2.1
Axes           | 1 2 |  2.1
Maces & Flails | 1 2 |  2.1
Polearms       | 1 2 |  2.1
Staves         | 1 2 |  2.1
Ranged Weapons | 1 2 |  2.1
Throwing       | 1 2 |  2.1
Armour         | 1 2 |  2.1
Shields        | 1 2 |  2.1
Unarmed Combat | 1 2 |  2.1
Evocations     | 1 2 |  2.1
Conjurations   | 1 |  1.6
Summonings     | 1 |  1.6
Necromancy     | 1 |  1.6
Translocations | 1 |  1.6
Transmutations | 1 |  1.6
Fire Magic     | 1 |  1.6
Ice Magic      | 1 |  1.6
Air Magic      | 1 |  1.6
Earth Magic    | 1 |  1.6
Poison Magic   | 1 |  1.6
Short Blades   | 3 |  3.3
Dodging        | 5 |  5.0
Hexes          | |  5.7

Action                     |  1- 3 |  4- 6 || total
---------------------------+-------+-------++-------
  Melee: Dagger            |    72 |    60 ||   132
         Bite              |    12 |     4 ||    16
   Fire: Sling             |     6 |       ||     6
   Cast: Ensorcelled Hiber |     8 |    28 ||    36
         Confusing Touch   |       |     2 ||     2
    Use: Scroll            |       |     9 ||     9
   Stab: Sleeping          |    14 |    25 ||    39
         Distracted        |       |     1 ||     1
 Armour: Robe              |    14 |     6 ||    20
  Dodge: Dodged            |    44 |    27 ||    71

Table legend: (Time is in decaauts)
 A = Elapsed time spent in this place.
 B = Non-inter-level travel time spent in this place.
 C = Inter-level travel time spent in this place.
 D = Time resting spent in this place.
 E = Time spent auto-exploring this place.
 F = Levels seen in this place.
 G = Mean time per level.
                   A        B        C        D        E       F      G
               +--------+--------+--------+--------+--------+-----+--------+
         Total |   3420 |   3306 |    114 |    874 |   1790 |   5 |  684.0 |
       Dungeon |   3413 |   3299 |    114 |    874 |   1790 |   4 |  853.2 |
       Ossuary |      6 |      6 |      0 |      0 |      0 |   1 |    6.0 |
               +--------+--------+--------+--------+--------+-----+--------+

Top non-repeatable levels by time:
     D:3: 1378 daAuts
     D:1: 1051 daAuts
     D:2: 942 daAuts
     D:4: 40 daAuts
 Ossuary: 6 daAuts
